cohdb
Replays
Latest Replays
All Replays
Popular Replays
Top Player Replays
Match Explorer
How It Works
Community
CoH3 Stats
Reddit
Sign in to upload your games and track your stats! →
Sign in with Steam
Match 43113697
Unlisted
Match 43113697
Overview
Messages
Build Orders
End
Kradschützen Motorcycle Team
Selects Panzerjäger Kommand Battlegroup
Selects Mine Fields
Panzergrenadier Squad
Panzergrenadier Squad
Construct Light Support Kompanie
Panzerjäger Squad
Fire Support Elements
Flakvierling Half-track
Selects Defensive Positions
Assault Mechanized Group
2.5-tonne Medical Truck
Selects Tank Busters
Veteran Squad Leaders
Construct Panzerarmee Kommand
Selects Crew Shock Tactics
Panzer III L Medium Tank
Selects Butterfly Bomb Drop
Butterfly Bomb Drop
Advanced Optics
fleimeri
Breizhell [FR]
Bran
Dillbro
0
0
Comments
sign in to comment!
No comments posted yet!